 Dungeon Crawl Stone Soup version 0.24.0-13-gcf9b3192b9 (webtiles) character file.

Game seed: 3131264472168764981, levelgen mode: deterministic

221 Monsterracer the Grasshopper (level 5, 0/31 HPs)
             Began as a Deep Elf Warper on Nov 6, 2019.
             Was a Plaything of Xom.
             Slain by a wight
             ... wielding a cursed +4 dire flail
              (6 damage)
             ... on level 4 of the Dungeon.
             The game lasted 00:04:20 (5032 turns).

Monsterracer the Grasshopper (Deep Elf Warper)      Turns: 5032, Time: 00:04:20

Health: 0/31       AC:  4    Str:  9    XL:     5   Next: 65%
Magic:  0/11       EV: 11    Int: 18    God:    Xom [.....*]
Gold:   99         SH:  0    Dex: 14    Spells: 3/10 levels left

rFire    . . .     SeeInvis .   a - +0 spear
rCold    . . .     Gourm    .   (no shield)
rNeg     . . .     Faith    .   q - +0 leather armour
rPois    .         Spirit   +   (no helmet)
rElec    .         Reflect  .   l - scarf {Spirit}
rCorr    .         Harm     .   p - +0 pair of gloves
MR       .....                  (no boots)
Stlth    ++........             (no amulet)
HPRegen  0.10/turn              g - ring of stealth
MPRegen  0.12/turn              (no ring)

@: drained
A: no striking features
a: Renounce Religion


You were on level 4 of the Dungeon.
You worshipped Xom.
You were Xom's teddy bear.
You were not hungry.

You visited 1 branch of the dungeon, and saw 4 of its levels.

You collected 99 gold pieces.

Inventory:

Hand Weapons
 a - a +0 spear (weapon)
Armour
 l - a scarf of spirit shield (worn)
   (You found it on level 1 of the Dungeon)
 p - a +0 pair of gloves (worn)
   (You found it on level 2 of the Dungeon)
 q - a +0 leather armour (worn)
   (You found it on level 2 of the Dungeon)
Jewellery
 g - a ring of stealth (left hand)
   (You found it on level 2 of the Dungeon)
Scrolls
 i - a scroll of fog {!r}
 o - a scroll of amnesia
 X - a scroll of blinking
Potions
 d - 3 potions of heal wounds
 e - 3 potions of curing
 h - a potion of haste
 k - a potion of lignification {unknown}
 z - 4 potions of brilliance
Comestibles
 c - a ration


   Skills:
 - Level 2.5(1.7) Fighting
 - Level 3.0(2.2) Polearms
 - Level 1.0(0.2) Throwing
 - Level 0.7(0.0) Armour
 - Level 2.4(1.6) Dodging
 - Level 3.0(2.2) Spellcasting
 * Level 3.5(2.6) Summonings
 - Level 3.5(2.7) Translocations


You had 3 spell levels left.
You knew the following spells:

 Your Spells              Type           Power        Failure   Level  Hunger
c - Call Canine Familiar  Summ           ##......     26%         3    ###....
e - Blink                 Tloc           N/A          12%         2    ###....
f - Call Imp              Summ           ##......     13%         2    ###....

Your spell library contained the following spells:

 Spells                   Type           Power        Failure   Level  Hunger
 Summon Small Mammal      Summ           ##..         9%          1    #......
 Shroud of Golubria       Chrm/Tloc      #.....       22%         2    ###....
 Gell's Gravitas          Tloc           ##........   24%         3    ###....
 Lesser Beckoning         Tloc           ##........   24%         3    ###....
 Teleport Other           Tloc           ##......     24%         3    ###....
 Summon Guardian Golem    Hex/Summ       #.......     41%         3    ###....
 Passage of Golubria      Tloc           N/A          63%         4    #####..
 Summon Ice Beast         Ice/Summ       #.......     82%         4    #####..
 Summon Lightning Spire   Summ/Air       #.......     82%         4    #####..


Dungeon Overview and Level Annotations

Branches:
Dungeon (4/15)
 Temple: D:4-7

Altars:
Uskayaw
Xom


Message History

You hit the wight but do no damage.
The wight is almost destroyed.
Your hound bites the wight.
The wight is destroyed!
Your Summonings skill increases to level 3!
No target in view!
Things that are here:
a +0 long sword; a +0 robe Your hound disappears in a puff of smoke!
d - 3 potions of heal wounds (gained 1)
A wight comes into view. It is wielding a +3 falchion.
A wight is nearby! 2 wights come into view.
Found a glowing whip.
Found a stone staircase leading down.
Casting: Call Canine Familiar (safe; 19% risk of failure)
Confirm with . or Enter, or press ? or * to list all spells.
You don't know that spell.
Casting: Call Canine Familiar (safe; 19% risk of failure)
Confirm with . or Enter, or press ? or * to list all spells.
A beastly little devil appears in a puff of frigid air.
You are near starving!
The wight closely misses you.
Casting: Call Imp (safe; 10% risk of failure)
Confirm with . or Enter, or press ? or * to list all spells.
You don't know that spell.
Casting: Call Imp (safe; 10% risk of failure)
Confirm with . or Enter, or press ? or * to list all spells.
A beastly little devil appears in a puff of frigid air.
Your white imp says, "Let's cause destruction!"
Casting: Call Imp (safe; 10% risk of failure)
Confirm with . or Enter, or press ? or * to list all spells.
A beastly little devil appears in a puff of flame.
Your white imp closely misses the wight.
Casting: Call Imp (safe; 10% risk of failure)
Confirm with . or Enter, or press ? or * to list all spells.
The wight closely misses your white imp.
The wight barely misses you.
Your white imp gestures at the wight.
The puff of frost hits the wight.
The wight completely resists.
Your crimson imp barely misses the wight.
A wight opens the door.
You hit the wight.
The wight is lightly damaged.
The wight hits you with a cursed +4 dire flail.
You feel drained. The wight completely misses you.
Your crimson imp hits the wight.
Your white imp gestures at the wight.
The puff of frost hits the wight.
The wight completely resists.
You hit the wight.
The wight is moderately damaged.
The wight misses you.
Your white imp hits the wight.
Your white imp freezes the wight.
The wight completely resists.
Your leather armour prevents you from hitting the wight.
The wight is moderately damaged.
Your hound bites the wight but does no damage.
The wight barely misses you. The wight closely misses you.
Your hound bites the wight.
The wight barely misses you.
You hit the wight.
The wight is severely damaged.
Your hound bites the wight but does no damage.
The wight closely misses you. The wight hits you with a +3 falchion.
You feel drained.
Your white imp hits the wight but does no damage.
The wight barely misses you.
You are too injured to fight recklessly!
You are too injured to fight recklessly!
You are too injured to fight recklessly!
Your hound barely misses the wight.
Your crimson imp blinks!
The wight hits your white imp with a +3 falchion.
Your hound bites the wight but does no damage.
The wight barely misses your white imp.
Your white imp hits the wight but does no damage.
You eat one of the 2 rations.
That ration really hit the spot!
The wight hits your white imp with a cursed +4 dire flail!
Your white imp dies!
Your hound bites the wight.
Your white imp closely misses the wight.
You are too injured to fight recklessly!
You are too injured to fight recklessly!
You are too injured to fight recklessly!
You barely miss the wight.
Your hound bites the wight.
The wight barely misses your white imp.
Your crimson imp blinks!
Your hound bites the wight.
Your white imp hits the wight but does no damage.
You are too injured to fight recklessly!
You closely miss the wight.
The wight is lightly damaged.
Your hound bites the wight.
The wight is destroyed!
The wight hits your hound with a +3 falchion.
The wight drains your hound. x2
You hit the wight.
The wight is moderately damaged.
Your hound closely misses the wight.
The wight hits you with a cursed +4 dire flail!
* * * LOW HITPOINT WARNING * * *
You feel drained.
You die...

#........#<........
...#....#.........
#...#....#.........
...#....#.........
#.###...###..####.
#.###...######
#....(....#
#.........#
#@5.......#
#zh)......#
......'z)...5...#
##..###.###>..### #
#.# ##+##
)>.............
...............
...............
...............


You could see 2 wights, a friendly hound, a friendly crimson imp and a friendly
white imp.

Vanquished Creatures
  An orc wizard (D:3)
  A worker ant (D:3)
  4 adders (D:2 D:3)
  An ooze (D:1)
  An adder skeleton (D:4)
  3 worms (D:2 D:3)
  4 dart slugs (D:1 D:2 D:3)
  6 leopard geckos (D:1 D:2 D:3)
  3 orcs (D:3)
  6 giant cockroaches (D:1 D:2 D:3)
  9 goblins (D:1 D:2 D:3)
  3 hobgoblins (D:1 D:2)
  2 jackals (D:3)
  A quokka (D:3)
  A ball python (D:2)
  A bat (D:1)
  2 frilled lizards (D:1 D:2)
  8 kobolds (D:2 D:3)
  4 rats (D:1 D:2 D:3)
61 creatures vanquished.

Vanquished Creatures (collateral kills)
  2 wights (D:4)
2 creatures vanquished.

Grand Total: 63 creatures vanquished

Notes
Turn   | Place    | Note
-------+----------+-------------------------------------------
     0 | D:1      | Monsterracer the Deep Elf Warper began the quest for the
                  | Orb.
     0 | D:1      | Reached XP level 1. HP: 12/12 MP: 6/6
   204 | D:1      | HP: 4/12 [ooze (4)]
   206 | D:1      | Reached XP level 2. HP: 4/17 MP: 8/8
   781 | D:1      | HP: 8/17 [leopard gecko (2)]
  1915 | D:2      | Reached XP level 3. HP: 13/21 MP: 2/9
  2190 | D:2      | Learned a level 2 spell: Blink
  2193 | D:2      | Learned a level 2 spell: Shroud of Golubria
  2221 | D:2      | HP: 11/22 [poisoned by an adder]
  2471 | D:2      | HP: 11/22 [worm (3)]
  2743 | D:2      | Reached XP level 4. HP: 26/27 MP: 10/10
  2753 | D:2      | Found a shimmering altar of Xom.
  2753 | D:2      | Found a hide-covered altar of Uskayaw.
  2768 | D:2      | Became a worshipper of Xom of Chaos
  2865 | D:2      | XOM: harmless Ice miscast
  3050 | D:2      | XOM: harmless Ice miscast
  3056 | D:2      | HP: 13/27 [poisoned by an adder]
  3063 | D:2      | HP: 11/27 [poisoned by an adder]
  3071 | D:2      | HP: 10/27 [poisoned by an adder]
  3316 | D:3      | XOM: harmless Ice miscast
  3384 | D:3      | HP: 13/27 [poisoned by a worker ant]
  3389 | D:3      | HP: 10/27 [poisoned by a worker ant]
  3394 | D:3      | HP: 7/27 [poisoned by a worker ant]
  3399 | D:3      | HP: 6/27 [poisoned by a worker ant]
  3406 | D:3      | HP: 4/27 [poisoned by a worker ant]
  3414 | D:3      | HP: 3/27 [poisoned by a worker ant]
  3430 | D:3      | XOM: god gift: book of Callings
  3435 | D:3      | Learned a level 2 spell: Call Imp
  3668 | D:3      | XOM: god gift: fuming grey potion {god gift}
  3711 | D:3      | XOM: scenery: create altars
  4004 | D:3      | Reached skill level 1 in Summonings
  4196 | D:3      | Reached XP level 5. HP: 24/31 MP: 4/11
  4362 | D:3      | XOM: noise
  4388 | D:3      | Learned a level 3 spell: Call Canine Familiar
  4446 | D:3      | XOM is BORED!
  4446 | D:3      | XOM: medium Necr miscast
  4446 | D:3      | HP: 11/31 [something (20)]
  4472 | D:3      | XOM: summons 4 hostile shadow creatures
  4473 | D:3      | HP: 12/31 [hobgoblin/cursed -1 club[Xom] (2)]
  4483 | D:3      | HP: 12/31 [adder[Xom] (1)]
  4490 | D:2      | HP: 8/31 [poisoned by an adder]
  4497 | D:2      | HP: 6/31 [poisoned by an adder]
  4505 | D:2      | HP: 5/31 [poisoned by an adder]
  4537 | D:2      | XOM: harmless Fire miscast
  4550 | D:2      | XOM: scenery: create altars
  4753 | D:3      | XOM: god gift: 12 bolts
  4959 | D:4      | XOM: god gift: 18 arrows
  5032 | D:4      | HP: 6/31 [wight/cursed +4 dire flail (14)]
  5032 | D:4      | Slain by a wight

Levels and vault maps discovered:
D:1:      kennysheep_arrival_forest, layout_basic
D:2:      layout_basic, gammafunk_temple_overflow_elements
D:3:      layout_loops_ring, first_ration, chequers_serial_rivers_room_b
D:4:      layout_gridville, minmay_strange_pillars

Skill      XL: |  1  2  3  4  5 |
---------------+----------------+-----
Polearms       | 2 3 |  3.0
Fighting       | 2 |  2.5
Summonings     | 2 3 |  3.5
Throwing       | |  1.0
Armour         | |  0.7
Dodging        | |  2.4
Spellcasting   | |  3.0
Translocations | |  3.5

Action                   |  1- 3 |  4- 6 || total
-------------------------+-------+-------++-------
Melee: Spear             |   169 |   204 ||   373
 Cast: Call Imp          |       |     6 ||     6
       Call Canine Famil |       |     2 ||     2
  Use: Scroll            |       |     9 ||     9
 Stab: Sleeping          |     1 |     1 ||     2
       Distracted        |       |     1 ||     1
  Eat: Chunk             |     6 |     6 ||    12
       Ration            |       |     1 ||     1
Armor: Leather armour    |    20 |    35 ||    55
Dodge: Dodged            |    68 |    99 ||   167
